[Event "Italian Youth U20 Championship 2023"]
[Site "Brescia"]
[Date "2023.12.08"]
[Round "6.1"]
[White "Pozzari, Simone"]
[Black "Bin-Suhayl, Ieysaa"]
[Result "1-0"]
[ECO "D90"]
[WhiteElo "2186"]
[BlackElo "2248"]
[Annotator "RC"]
[PlyCount "35"]
[EventDate "2023.12.03"]
[EventType "tourn"]
[EventCountry "ITA"]
[SourceTitle "playchess.com"]
[Source "ChessBase"]
[SourceQuality "1"]
[TimeControl "40/6000+30:20/3000+30:900+30"]

1. d4 d5 2. c4 c6 3. Nc3 Nf6 4. Nf3 g6 5. cxd5 cxd5 6. Bf4 Nc6 7. e3 Bf5 8. Qb3 Qb6 9. Qxb6 axb6 10. Bb5 e6 11. Ne5 Nd7 12. Nxc6 bxc6 13. Bxc6 Rc8 14. Bb7 Rc4 15. Ba6 Rc6 16. Bb5 Rc8 17. O-O Ba3 18. Na4 1-0

[Event "Italian Youth U20 Championship 2023"]
[Site "Brescia"]
[Date "2023.12.08"]
[Round "6.2"]
[White "Vincenti, Leonardo"]
[Black "Pegno, Mattia"]
[Result "1/2-1/2"]
[ECO "B47"]
[WhiteElo "2120"]
[BlackElo "2155"]
[Annotator "RC"]
[PlyCount "120"]
[EventDate "2023.12.03"]
[EventType "tourn"]
[EventCountry "ITA"]
[SourceTitle "playchess.com"]
[Source "ChessBase"]
[SourceQuality "1"]
[TimeControl "40/6000+30:20/3000+30:900+30"]

1. e4 c5 2. Nf3 e6 3. d4 cxd4 4. Nxd4 Nc6 5. Nc3 Qc7 6. g3 a6 7. Bg2 b5 8. a3 Bb7 9. Be3 Nf6 10. Nxc6 Qxc6 11. O-O Bc5 12. Bd4 d6 13. Re1 e5 14. Be3 Qb6 15. Qd2 O-O 16. Rad1 Rfd8 17. h3 h6 18. Qd3 Rac8 19. Rd2 Rc7 20. Bxc5 Qxc5 21. Qe3 Kf8 22. Qxc5 Rxc5 23. Red1 Ke7 24. f3 g5 25. Kf2 Ne8 26. Rh1 Nc7 27. h4 Ne6 28. hxg5 hxg5 29. Rh5 Kf6 30. Nd1 d5 31. Ne3 Kg6 32. Rh1 dxe4 33. Rxd8 Nxd8 34. fxe4 f6 35. c3 Nf7 36. Nf5 Rc7 37. Ke3 g4 38. Rh4 Ng5 39. Rxg4 Bc8 40. Bh3 Rh7 41. Bg2 Rh2 42. Kf2 Bxf5 43. exf5+ Kxf5 44. Rb4 e4 45. Kg1 Rh8 46. Kf2 Rh2 47. Kg1 Rh8 48. Kf2 Re8 49. a4 Re5 50. axb5 axb5 51. Bf1 e3+ 52. Ke2 Ne4 53. Kxe3 Nxg3+ 54. Kf2 Nxf1 55. Kxf1 Kg5 56. c4 bxc4 57. Rxc4 f5 58. b4 Re3 59. Kf2 Rb3 60. Kg2 f4 1/2-1/2

[Event "Italian Youth U20 Championship 2023"]
[Site "Brescia"]
[Date "2023.12.08"]
[Round "6.3"]
[White "Bettalli, Francesco"]
[Black "Titze, Leo"]
[Result "1/2-1/2"]
[ECO "B49"]
[WhiteElo "2274"]
[BlackElo "2164"]
[Annotator "RC"]
[PlyCount "72"]
[EventDate "2023.12.03"]
[EventType "tourn"]
[EventCountry "ITA"]
[SourceTitle "playchess.com"]
[Source "ChessBase"]
[SourceQuality "1"]
[TimeControl "40/6000+30:20/3000+30:900+30"]

1. e4 c5 2. Nf3 e6 3. d4 cxd4 4. Nxd4 Nc6 5. Nc3 Qc7 6. Be3 a6 7. a3 b5 8. Nxc6 Qxc6 9. Be2 Bb7 10. O-O Qc7 11. Qd2 Nf6 12. Bf3 d6 13. Rfd1 Be7 14. Bf4 Rd8 15. Qe3 Nd7 16. Ne2 O-O 17. a4 bxa4 18. Rxa4 Qxc2 19. Nc3 e5 20. Bg3 Qb3 21. Rda1 Nc5 22. Bd1 Qb6 23. Rc4 a5 24. Rb1 Rb8 25. b4 axb4 26. Rcxb4 Qc7 27. Nb5 Qd7 28. Nc3 Qc7 29. Nb5 Qd7 30. Nc3 Ra8 31. Na4 Nxa4 32. Rxb7 Qe6 33. Bb3 Qf6 34. Bd5 Nc5 35. Rc7 Ra6 36. Qe2 Bd8 1/2-1/2

[Event "Italian Youth U20 Championship 2023"]
[Site "Brescia"]
[Date "2023.12.09"]
[Round "7.1"]
[White "Cappelletto, Joshuaede"]
[Black "Pozzari, Simone"]
[Result "0-1"]
[ECO "C65"]
[WhiteElo "2329"]
[BlackElo "2186"]
[Annotator "ChessBase"]
[PlyCount "60"]
[EventDate "2023.12.03"]
[EventType "tourn"]
[EventCountry "ITA"]
[SourceTitle "playchess.com"]
[Source "ChessBase"]
[SourceQuality "1"]
[TimeControl "40/6000+30:20/3000+30:900+30"]

1. e4 e5 2. Nf3 Nc6 3. Bb5 Nf6 4. d3 Bc5 5. c3 O-O 6. O-O d6 7. h3 a6 8. Ba4 h6 9. Re1 Re8 10. Nbd2 d5 11. exd5 Qxd5 12. Bxc6 bxc6 13. Qa4 Bb6 14. Qc4 Qd6 15. Ne4 Nxe4 16. Qxe4 Bd7 17. Be3 c5 18. Nd2 f5 19. Qf3 Qf6 20. Qd5+ Be6 21. Qc6 Qf7 22. b4 Bd5 23. Qa4 Qg6 24. f3 cxb4 25. Qxb4 Bxe3+ 26. Rxe3 Rab8 27. Qc5 Rb5 28. Qxc7 Rb2 29. Rd1 f4 30. Re2 Bxf3 0-1

[Event "Italian Youth U20 Championship 2023"]
[Site "Brescia"]
[Date "2023.12.09"]
[Round "7.3"]
[White "Pegno, Mattia"]
[Black "Bettalli, Francesco"]
[Result "1-0"]
[ECO "E81"]
[WhiteElo "2155"]
[BlackElo "2274"]
[Annotator "ChessBase"]
[PlyCount "101"]
[EventDate "2023.12.03"]
[EventType "tourn"]
[EventCountry "ITA"]
[SourceTitle "playchess.com"]
[Source "ChessBase"]
[SourceQuality "1"]
[TimeControl "40/6000+30:20/3000+30:900+30"]

1. c4 g6 2. Nc3 Bg7 3. d4 Nf6 4. e4 d6 5. Bd3 O-O 6. Nge2 c6 7. O-O a6 8. f3 b5 9. Be3 Nbd7 10. Qd2 Bb7 11. Rfd1 e5 12. Rac1 Qe7 13. d5 b4 14. Na4 c5 15. g4 Ne8 16. Ng3 Kh8 17. Kg2 Bf6 18. g5 Bg7 19. h4 f6 20. Rh1 Qf7 21. Qe2 Rg8 22. Rh2 Bf8 23. Rch1 h5 24. gxh6 f5 25. exf5 gxf5 26. Bg5 Be7 27. h7 Rg7 28. Nxf5 Bxg5 29. Nxg7 Bf4 30. Ne6 Nef6 31. Kf1 Bxh2 32. Rxh2 Nh5 33. Rg2 Nf4 34. Nxf4 exf4 35. Bg6 Qf6 36. Rg5 Ne5 37. Qe4 Bc8 38. Kg1 Bh3 39. b3 Nf7 40. Bxf7 Qxf7 41. Kh2 Bd7 42. Nb6 Re8 43. Rg8+ Rxg8 44. hxg8=Q+ Qxg8 45. Qxf4 Be8 46. Qh6+ Qh7 47. Qxh7+ Kxh7 48. Nc8 Bg6 49. Nxd6 Bb1 50. Nb7 Bxa2 51. d6 1-0

[Event "Italian Youth U20 Championship 2023"]
[Site "Brescia"]
[Date "2023.12.09"]
[Round "7.4"]
[White "Bin-Suhayl, Ieysaa"]
[Black "Vincenti, Leonardo"]
[Result "1-0"]
[ECO "A01"]
[WhiteElo "2248"]
[BlackElo "2120"]
[Annotator "ChessBase"]
[PlyCount "53"]
[EventDate "2023.12.03"]
[EventType "tourn"]
[EventCountry "ITA"]
[SourceTitle "playchess.com"]
[Source "ChessBase"]
[SourceQuality "1"]
[TimeControl "40/6000+30:20/3000+30:900+30"]

1. b3 e5 2. Bb2 Nc6 3. e3 d5 4. Bb5 Bd6 5. f4 Qh4+ 6. g3 Qe7 7. Nf3 f6 8. Nc3 d4 9. exd4 exd4+ 10. Ne2 Bh3 11. Nfxd4 O-O-O 12. Nxc6 Qe4 13. Nxa7+ Kb8 14. Rg1 Bg4 15. d4 Bb4+ 16. c3 Bxe2 17. Bxe2 Rxd4 18. Qc1 Nh6 19. Nb5 Rd3 20. cxb4 c6 21. Qc4 Qe3 22. Qxd3 Qxg1+ 23. Kd2 Qxh2 24. Qd6+ Ka8 25. Nc7+ Ka7 26. Bd4+ b6 27. Qxc6 1-0